AoeStats
← Iceman

Arabia

509597503Analyzed
1v1 RM · 6d ago on Sep 27, 2026· 65m 31s· 2 players
Game mode
Random Map
Map size
Tiny (2 player)
Population
200
Speed
Normal
Resources
Standard
Victory
Conquest
Starting age
Dark Age
Ending age
Imperial Age
RankedLock teamsTeams togetherTeam positionsShared explorationLock speedFull tech treeHidden civsTurbo modeCheats
Victory
Defeat
🇹🇼 Byzantines · Taiwan
1103
+15
🇧🇷 Khmer · Brazil
1085
-15
Iceman
2:53 Loom
9:10 Feudal Age
13:49 Double-Bit Axe
23:52 Castle Age
22:08 Bloodlines
26:55 Husbandry
29:18 Gold Mining
29:41 Bow Saw
29:30 Horse Collar
35:50 Gold Shaft Mining
34:59 Light Cavalry
36:33 Stone Mining
41:30 Imperial Age
39:55 Crossbowman
41:20 Stone Shaft Mining
43:48 Arbalester
48:43 Wheelbarrow
51:19 Heavy Plow
50:49 Cavalier
curson
7:06 Loom
12:02 Feudal Age
14:08 Double-Bit Axe
14:39 Fletching
17:49 Horse Collar
23:45 Castle Age
21:58 Padded Archer Armor
23:55 Elite Skirmisher
24:42 Thumb Ring
30:46 Pikeman
32:15 Bodkin Arrow
36:23 Imperial Age
38:16 Conscription
39:54 Bracer
39:54 Scale Mail Armor
40:05 Forging
42:55 Heavy Plow
45:06 Leather Archer Armor
46:58 Wheelbarrow
48:07 Halberdier
49:26 Ring Archer Armor
49:11 Chain Mail Armor
50:36 Elite Cataphract
51:52 Ballistics
52:33 Chemistry
53:33 Squires
53:20 Arson
57:07 Husbandry
56:28 Heavy Camel Rider
59:54 Hand Cart
60:23 Scale Barding Armor
62:20 Chain Barding Armor
62:36 Iron Casting
64:51 Plate Barding Armor
Connection lost

Rejoining the realm…

Still unreachable

The connection could not be restored.

Session expired

The server has moved on; the page needs a fresh start.